 Dungeon Crawl Stone Soup version 0.29-a0-284-gf9362112df (webtiles) character file.

Game seed: 10884925127823742504

114 bande the Skirmisher (level 4, -3/29 HPs)
             Began as a Gargoyle Fighter on Mar 29, 2022.
             Slain by Grinder (6 damage)
             ... on level 3 of the Dungeon.
             The game lasted 00:02:28 (1854 turns).

bande the Skirmisher (Gargoyle Fighter)             Turns: 1854, Time: 00:02:29

Health: -3/29      AC: 17    Str: 19    XL:     4   Next: 97%
Magic:  4/4        EV:  5    Int:  9    God:
Gold:   128        SH:  4    Dex: 11    Spells: 3/3 levels left

rFire   . . .      SeeInvis .   a - +0 war axe
rCold   . . .      Faith    .   c - +0 buckler
rNeg    + . .      Spirit   .   f - +0 plate armour
rPois   ∞          Reflect  .   k - +0 helmet
rElec   +          Harm     .   l - +0 cloak
rCorr   .          Rampage  .   (no gloves)
Will    .....                   (no boots)
Stlth   ..........              (no amulet)
HPRegen 0.09/turn               (no ring)
MPRegen 0.09/turn               (no ring)

@: mighty
A: sickness immunity, AC +3, negative energy resistance 1, electricity
resistance, torment resistance 1, petrification resistance
a: no special abilities


You were on level 3 of the Dungeon.
You visited 1 branch of the dungeon, and saw 3 of its levels.

You collected 128 gold pieces.

Inventory:

Hand Weapons
 a - a +0 war axe (weapon)
 m - the +4 mace "Weffucw" {spect, +Blink Dex+3}
   (You found it on level 2 of the Dungeon)

   When its wielder attacks, the weapon's spirit leaps out and strikes again.
   The spirit shares a part of any damage it takes with its wielder.
   Dex:       It affects your dexterity (+3).
   +Blink:    It lets you blink.
Armour
 c - a +0 buckler (worn)
 f - a +0 plate armour (worn)
 k - a +0 helmet (worn)
 l - a +0 cloak (worn)
Jewellery
 b - an amulet of the acrobat
 g - a ring of wizardry
Scrolls
 e - a scroll of identify {unknown}
 i - a scroll of amnesia {unknown}
Potions
 d - a potion of might
 h - 3 potions of curing {unknown}
 j - a potion of heal wounds {unknown}


   Skills:
 + Level 3.9 Fighting
 + Level 3.5 Axes
 + Level 3.7 Armour
 + Level 3.7 Shields


You had 3 spell levels left.
You didn't know any spells.
Your spell library contained the following spells:

 Spells                   Type           Power      Damage    Failure   Level
 Fulminant Prism          Conj/Hex       0%         3d6       100%        4
 Iskenderun's Mystic Bla  Conj/Tloc      0%         2d3       100%        4
 Lee's Rapid Deconstruct  Erth           0%         3d5*      100%        5


Dungeon Overview and Level Annotations

Branches:
Dungeon (3/15)

Altars:
Yredelemnul

Annotations:
D:3 Grinder


Innate Abilities, Weirdness & Mutations

You are immune to sickness and miasma.
Your stone body is resilient. (AC +3)
You are immune to poison.
You resist negative energy. (rN+)
You are resistant to electric shocks. (rElec)
You are resistant to unholy torment.
You are immune to petrification.


Message History

You climb downwards.
Level annotation: Grinder
There is a stone staircase leading up here.
Grinder grins, showing sharp teeth.
Grinder hits you but does no damage.
You hit Grinder.
Grinder is lightly wounded.
Grinder hits you!
You writhe in agony.
Grinder hits you but does no damage.
You closely miss Grinder.
Grinder is lightly wounded.
Grinder closely misses you.
You barely miss Grinder.
Grinder is lightly wounded.
Grinder hits you but does no damage.
You closely miss Grinder.
Grinder is lightly wounded.
Grinder hits you! You block Grinder's attack.
You are too injured to fight recklessly!
You are too injured to fight recklessly!
You are too injured to fight recklessly!
You are too injured to fight recklessly!
You are too injured to fight recklessly!
You are too injured to fight recklessly!
You are too injured to fight recklessly!
You are too injured to fight recklessly!
You closely miss Grinder.
Grinder is lightly wounded.
Grinder gestures at you. Pain shoots through your body!
You closely miss Grinder.
Grinder is lightly wounded.
Grinder hits you but does no damage. Grinder hits you!
* * * LOW HITPOINT WARNING * * *
You writhe in agony.
* * * LOW HITPOINT WARNING * * *
Grinder attacks as you move away! Grinder hits you but does no damage.
There is a stone staircase leading up here.
You feel very mighty all of a sudden. Grinder hits you.
You die...

.### ##...
#...##
.....##
#.....#
...####.....#
#...........#
#5....#
#@....#
##[#### #.#
#)# #.# #.#
... #.# ...


You could see Grinder.

Vanquished Creatures
  Crazy Yiuf (D:2)
  Terence (D:3)
  Robin (D:2)
  An adder (D:3)
  2 dart slugs (D:2)
  3 bats
  An endoplasm (D:1)
  2 giant cockroaches (D:1)
  13 goblins
  4 hobgoblins
  A quokka (D:2)
  3 ball pythons
  3 frilled lizards (D:2)
  2 kobolds (D:1)
38 creatures vanquished.

Notes
Turn   | Place    | Note
-------+----------+-------------------------------------------
     0 | D:1      | bande the Gargoyle Fighter began the quest for the Orb.
     0 | D:1      | Reached XP level 1. HP: 14/14 MP: 1/1
     6 | D:1      | Noticed a salamander
     6 | D:1      | Noticed a lindwurm
     6 | D:1      | Noticed a hound
     7 | D:1      | Noticed an iguana
     7 | D:1      | Noticed a rime drake
   255 | D:1      | Reached XP level 2. HP: 19/19 MP: 2/2
   390 | D:1      | Found a faded altar of an unknown god.
   662 | D:2      | Found a basalt altar of Yredelemnul.
   822 | D:2      | Reached XP level 3. HP: 23/23 MP: 3/3
  1180 | D:2      | Noticed Robin
  1191 | D:2      | Killed Robin
  1218 | D:2      | Found a runed translucent door.
  1219 | D:2      | Noticed Crazy Yiuf
  1369 | D:2      | Killed Crazy Yiuf
  1370 | D:2      | Reached XP level 4. HP: 22/29 MP: 4/4
  1375 | D:2      | Identified the +4 mace "Weffucw" {spect, +Blink Dex+3}
  1506 | D:3      | Noticed Terence
  1506 | D:3      | Noticed Grinder
  1524 | D:3      | Killed Terence
  1524 | D:3      | Paralysed by Grinder for 4 turns
  1535 | D:3      | HP: 1/29 [Grinder (2)]
  1854 | D:3      | Slain by Grinder

Illustrated notes

Levels and vault maps discovered:
D:1:      onia_arrival_zoo_common, layout_rooms,
          hellmonk_ecumenical_altar_pennies_from_heaven
D:2:      minmay_door_path, layout_rooms, basic_altar, kennysheep_pointless_box,
          uniq_crazy_yiuf_cottage, uniq_robin
D:3:      layout_loops_corners, uniq_terence, uniq_grinder

Skill      XL: |  1  2  3 |
---------------+----------+-----
Axes           | 2 3 |  3.5
Fighting       | |  3.9
Armour         | |  3.7
Shields        | |  3.7

Action                   |  1- 3 |  4- 6 || total
-------------------------+-------+-------++-------
Melee: War axe           |   109 |    27 ||   136
  Use: Potion            |       |     1 ||     1
Armor: Plate armour      |   100 |    19 ||   119
Dodge: Dodged            |    28 |     4 ||    32
Block: Buckler           |    25 |     6 ||    31

Table legend: (Time is in decaauts)
 A = Elapsed time spent in this place.
 B = Non-inter-level travel time spent in this place.
 C = Inter-level travel time spent in this place.
 D = Time resting spent in this place.
 E = Time spent auto-exploring this place.
 F = Levels seen in this place.
 G = Mean time per level.
                   A        B        C        D        E       F      G
               +--------+--------+--------+--------+--------+-----+--------+
         Total |   1913 |   1856 |     57 |    306 |   1180 |   3 |  637.7 |
       Dungeon |   1913 |   1856 |     57 |    306 |   1180 |   3 |  637.7 |
               +--------+--------+--------+--------+--------+-----+--------+

Top non-repeatable levels by time:
     D:2: 1220 daAuts
     D:1: 642 daAuts
     D:3: 50 daAuts
